 Dungeon Crawl Stone Soup version 0.16-a0-3636-gf0307c9 (webtiles) character file.

43626 PolkaDot the Black Belt (level 13, -11/114 HPs)
             Began as a Red Draconian Monk on Jan 15, 2015.
             Was a High Priest of Yredelemnul.
             Mangled by a raven (12 damage)
             ... led by a tengu warrior
             ... on level 15 of the Dungeon.
             The game lasted 01:10:59 (19033 turns).

PolkaDot the Black Belt (Red Draconian Monk)       Turns: 19033, Time: 01:10:59

Health: -11/114    AC: 13    Str: 14    XL:     13   Next: 91%
Magic:  23/23      EV: 19    Int: 14    God:    Yredelemnul [*****.]
Gold:   539        SH:  0    Dex: 15    Spells: 1 memorised, 5 levels left

rFire  + . .     SeeInvis .       - Unarmed
rCold  + . .     Clarity  .     (armour unavailable)
rNeg   . . .     SustAb   .     (no shield)
rPois  .         Gourm    .     (helmet restricted)
rElec  .         Spirit   .     (no cloak)
rCorr  .         Warding  .     t - +1 pair of gloves
rMut   .         Stasis   .     o - +2 pair of boots
MR     ++...                    n - amulet of regeneration
Stlth  ++........               x - ring of protection from cold
                                z - ring of protection from magic

@: very resistant to hostile enchantments, unstealthy
A: breathe fire, unfitting armour, fire resistance 1, magic resistance 1,
cold-blooded, AC +8
a: Breathe Fire, Animate Dead, Recall Undead Slaves, Injury Mirror, Drain Life,
Enslave Soul, Renounce Religion


You were on level 15 of the Dungeon.
You worshipped Yredelemnul.
Yredelemnul was extremely pleased with you.
You were hungry.

You visited 2 branches of the dungeon, and saw 16 of its levels.
You also visited: Sewer.

You collected 999 gold pieces.
You spent 390 gold pieces at shops.

Inventory:

Missiles
 H - 2 throwing nets (quivered)
Armour
 o - a +2 pair of boots (worn)
 t - a +1 pair of gloves (worn)
Jewellery
 i - an uncursed amulet of resist corrosion
 n - an amulet of regeneration (around neck)
 x - a ring of protection from cold (right hand)
 z - a ring of protection from magic (left hand)
 A - an uncursed amulet of resist mutation
Magical devices
 e - a wand of fire (3)
 k - a wand of digging (13)
 w - a wand of fire (0)
 y - a wand of cold (0)
 B - a wand of fireball (4)
 L - a wand of draining (0)
 N - a wand of paralysis (4)
Scrolls
 g - 11 scrolls of remove curse
 j - a scroll of recharging
 l - a scroll of fog
 m - a scroll of enchant armour
 E - 2 scrolls of immolation
 F - 3 scrolls of magic mapping
 R - 3 scrolls of amnesia
Potions
 a - 3 potions of brilliance
 q - 2 potions of flight
 u - 6 potions of curing
 v - 3 potions of magic
 C - a potion of restore abilities
 K - a potion of cure mutation {!q}
Books
 f - a book of the Dragon

   Spells                             Type                      Level
   a - Flight                         Charms/Air                   3
   b - Cause Fear                     Hexes                        4
   c - Bolt of Fire                   Conjuration/Fire             6
   d - Dragon Form                    Transmutation                7
   e - Dragon's Call                  Summoning                    9
Comestibles
 b - 12 bread rations
 c - 12 meat rations
 d - 3 slices of pizza
 I - 8 beef jerkies


   Skills:
 - Level 10.5 Fighting
 - Level 10.4 Dodging
 - Level 1.7 Stealth
 * Level 16.7 Unarmed Combat
 + Level 8.5 Transmutations
 + Level 6.2 Invocations


You had 5 spell levels left.
You knew the following spells:

 Your Spells              Type           Power        Failure   Level  Hunger
a - Dragon Form           Trmt           ###.......   100%        7    #######


Dungeon Overview and Level Annotations

Branches:
Dungeon (15/15)            Temple (1/1) D:7            Lair (0/8) D:11
    Orc (0/4) D:12         Vaults (0/5) D:13         Depths (0/5) D:15

Altars:
Ashenzari
Cheibriados
Elyvilon
Fedhas
Gozag
Kikubaaqudgha
Makhleb
Nemelex Xobeh
Okawaru
Qazlal
Ru
Sif Muna
Trog
Vehumet
Xom
Yredelemnul
Zin
The Shining One

Shops:
D:8 :   D:12 }


Innate Abilities, Weirdness & Mutations

You can breathe blasts of fire.
Your fiery red scales are hard (AC +8).
Your body does not fit into most forms of armour.
Your flesh is heat resistant.
Your cold-blooded metabolism reacts poorly to cold.
You are resistant to hostile enchantments.


Message History

The raven completely misses you.
Eat which item? (? for menu, Esc to quit)
Okay, then.
Read which item? (? for menu, Esc to quit)
Okay, then.
Evoke which item? (* to show all) (? for menu, Esc to quit)
Okay, then.
Drink which item? (? for menu, Esc to quit)
Okay, then.
Evoke which item? (* to show all) (? for menu, Esc to quit)
Zapping:
N - a wand of paralysis {zapped: 4} (will waste charges)
Press: ? - help, Shift-Dir - straight line, f - raven
Aim: a raven (lightly wounded, chance 46%)
The raven resists with some effort.
Evoking this partially-identified wand wasted a few charges.
The raven completely misses you. The raven claws you.
* * * LOW HITPOINT WARNING * * *
The raven pecks you!
You die...
Your body rises from the dead as a mindless zombie.

##..## #.#
####.......#
###..## #.# ##
............#
.##...# #.###.
#...........#
......#####.##..
###########..
........##..# ..
##.
..........###
#.## #.
..<.....### .b#
#. .......## #b#
## #.......##
#@# #####....##
##.# ###
###...#####.##
..## ##........#
...# #.......##
##.# ##.......#
#.# ##.###....##
#.###.## ##....#
##..#..# ##....#


You could see 2 ravens.

Vanquished Creatures
  6 vault guards (D:13)
  3 hydras
  Nessos (D:12)
  An ogre mage (D:15)
  The ghost of haldagan the Nimble, a powerful OpBe of Trog (D:11)
  The ghost of Ololoev the Arsonist, a powerful OpFE of Vehumet (D:11)
  3 tengu warriors (D:15)
  5 centaur warriors
  11 slime creatures
  A deep troll (D:15)
  2 unseen horrors
  A griffon (D:13)
  6 hill giants
  A manticore (D:15)
  14 ugly things
  A cyclops (D:14)
  2 centaur zombies
  An efreet (D:15)
  A fire drake (D:11)
  3 yaktaurs (D:15)
  3 tengu conjurers
  2 two-headed ogres (D:9)
  2 trolls
  2 ravens
  2 wraiths
  A yak (shapeshifter) (D:13)
  Eustachio (D:6)
  5 deep elf magi
  3 yaks (D:12)
  6 hippogriffs
  3 hungry ghosts
  A tengu zombie (D:15)
  A steam dragon (D:14)
  A water moccasin (D:12)
  4 wargs
  7 orc warriors
  3 ice beasts
  4 black bears
  2 eyes of draining (D:9)
  A necrophage (D:6)
  5 phantoms
  7 centaurs
  10 ogres
  The ghost of Econoterrorist the Cudgeler, an average GrFi (D:3)
  Blork the orc (D:7)
  7 big kobolds
  13 giant frogs
  A wyvern skeleton (D:11)
  14 killer bees
  8 wights
  4 scorpions
  An electric eel (D:13)
  6 crimson imps
  2 giant frog zombies
  6 centaur skeletons
  3 jellies
  14 orc wizards
  4 giant frog skeletons
  6 orc priests
  6 hounds
  2 quasits
  A gnoll shaman (D:7)
  4 iguanas
  7 worker ants
  Ijyb (D:2)
  Jessica (D:2)
  A hound zombie (D:9)
  A hound skeleton (D:8)
  A mummy (D:13)
  3 gnolls (D:7)
  7 adders
  2 river rats
  5 shadow imps
  2 giant mites
  3 worms
  45 orcs
  2 bat skeletons
  4 giant cockroaches
  23 hobgoblins
  4 jackals
  57 kobolds
  8 quokkas
  3 ball pythons
  21 bats
  4 giant geckos
  A giant gecko skeleton (D:7)
  7 giant newts
  2 giant spores
  7 goblins
  A quokka zombie (D:7)
  17 rats
  6 ballistomycetes
491 creatures vanquished.

Vanquished Creatures (collateral kills)
  An ettin (D:15)
  A vault guard (D:13)
  2 unseen horrors (D:15)
  2 centaur skeletons (D:13)
  A warg (D:13)
  An orc warrior (D:15)
  A centaur (D:14)
  3 wights (D:15)
  A hound (D:13)
  An orc priest (D:15)
  An orc wizard (D:13)
  An orc (D:15)
16 creatures vanquished.

Vanquished Creatures (others)
  2 centaur zombies (D:15)
  5 flying skulls (D:15)
  A wraith (D:13)
  A manticore zombie (D:15)
  A cyclops skeleton (D:14)
  2 tengu zombies (D:15)
  A warg skeleton (D:13)
  A warg zombie (D:13)
  3 mummies
  An orc skeleton (D:15)
  2 orcs
  2 giant spores
  2 kobold zombies (D:14)
  A ballistomycete (D:6)
25 creatures vanquished.

Grand Total: 532 creatures vanquished

Notes
Turn   | Place    | Note
--------------------------------------------------------------
     0 | D:1      | PolkaDot, the Draconian Monk, began the quest for the Orb.
     0 | D:1      | Reached XP level 1. HP: 19/19 MP: 1/1
   235 | D:1      | Reached XP level 2. HP: 15/26 MP: 2/2
   953 | D:2      | Found a burning altar of Makhleb.
  1048 | D:2      | Reached XP level 3. HP: 4/33 MP: 3/3
  1317 | D:2      | Noticed Jessica
  1339 | D:2      | Killed Jessica
  1339 | D:2      | Reached skill level 5 in Unarmed Combat
  1339 | D:2      | Reached XP level 4. HP: 16/40 MP: 4/4
  1574 | D:2      | Found a deep blue altar of Sif Muna.
  1670 | D:2      | Noticed Ijyb
  1687 | D:2      | Killed Ijyb
  2082 | D:2      | Reached XP level 5. HP: 28/46 MP: 5/5
  2463 | D:3      | Noticed Econoterrorist's ghost (average GrFi)
  2471 | D:3      | Killed Econoterrorist's ghost
  2471 | D:3      | Reached skill level 6 in Unarmed Combat
  2471 | D:3      | Reached XP level 6. HP: 34/53 MP: 6/6
  2710 | D:3      | Found a deep blue altar of Sif Muna.
  2811 | D:3      | Found a shattered altar of Ashenzari.
  2972 | D:4      | Found a white marble altar of Elyvilon.
  2972 | D:4      | Found a glowing silver altar of Zin.
  2972 | D:4      | Found a glowing golden altar of the Shining One.
  3118 | D:5      | Entered Level 5 of the Dungeon
  3188 | D:5      | Reached skill level 5 in Fighting
  3195 | D:5      | Your scales start taking on a fiery red colour.
  3195 | D:5      | Gained mutation: Your flesh is heat resistant. [draconian maturity]
  3195 | D:5      | Reached XP level 7. HP: 20/61 MP: 7/7
  3256 | D:5      | Found an ancient bone altar of Kikubaaqudgha.
  3300 | D:5      | Reached skill level 7 in Unarmed Combat
  3385 | D:5      | Found a glowing drain.
  3419 | Sewer    | Entered a sewer
  4187 | D:6      | Noticed a troll
  4199 | D:6      | Killed a troll
  4199 | D:6      | Reached skill level 5 in Dodging
  4199 | D:6      | Reached XP level 8. HP: 54/70 MP: 8/8
  4205 | D:6      | Reached skill level 8 in Unarmed Combat
  4244 | D:6      | Noticed Eustachio
  4546 | D:6      | Found a bloodstained altar of Trog.
  4549 | D:6      | Killed Eustachio
  4721 | D:6      | Reached skill level 9 in Unarmed Combat
  4828 | D:7      | Reached XP level 9. HP: 74/79 MP: 9/9
  4896 | D:7      | Noticed Blork the orc
  4921 | D:7      | Killed Blork the orc
  4984 | D:7      | Found a staircase to the Ecumenical Temple.
  5008 | Temple   | Entered the Ecumenical Temple
  5126 | Temple   | Became a worshipper of Yredelemnul the Dark
  5126 | Temple   | Acquired Yredelemnul's first power
  5126 | Temple   | Acquired Yredelemnul's second power
  5938 | D:7      | Reached skill level 10 in Unarmed Combat
  6558 | D:8      | Found Zuizuox's Book Boutique.
  6629 | D:8      | Found an opulent altar of Gozag.
  7629 | D:9      | Found a shimmering altar of Xom.
  7668 | D:9      | Reached XP level 10. HP: 65/90 MP: 10/10
  7681 | D:9      | Reached skill level 11 in Unarmed Combat
  7709 | D:9      | Acquired Yredelemnul's third power
  7889 | D:9      | Found a blossoming altar of Fedhas.
  7912 | D:9      | Found an opulent altar of Gozag.
  7918 | D:9      | Found a stormy altar of Qazlal.
  8711 | D:10     | Entered Level 10 of the Dungeon
  9847 | D:10     | Noticed a hill giant
  9856 | D:10     | Killed a hill giant
 10184 | D:11     | Noticed haldagan's ghost (powerful OpBe)
 10195 | D:11     | Killed haldagan's ghost
 10195 | D:11     | Reached skill level 12 in Unarmed Combat
 10430 | D:11     | Noticed Ololoev's ghost (powerful OpFE)
 10437 | D:11     | Killed Ololoev's ghost
 10437 | D:11     | Reached XP level 11. HP: 99/99 MP: 11/11
 10571 | D:11     | Reached skill level 10 in Fighting
 10806 | D:11     | Acquired Yredelemnul's fourth power
 10809 | D:11     | Received a gift from Yredelemnul
 10877 | D:11     | Killed an unseen horror
 11212 | D:11     | Found a staircase to the Lair.
 11418 | D:11     | Noticed a hill giant
 11424 | D:11     | Killed a hill giant
 11451 | D:12     | Reached skill level 13 in Unarmed Combat
 11503 | D:12     | Found Grom's Gadget Emporium.
 11530 | D:12     | Received a gift from Yredelemnul
 11546 | D:12     | Noticed Nessos
 11547 | D:12     | Noticed a hill giant
 11841 | D:12     | Learned a level 7 spell: Dragon Form
 11859 | D:12     | Killed Nessos
 11859 | D:12     | Reached skill level 1 in Transmutations
 11934 | D:12     | Killed a hill giant
 12412 | D:12     | Found a staircase to the Orcish Mines.
 12674 | D:12     | Noticed a hill giant
 12681 | D:12     | Killed a hill giant
 12994 | D:12     | Noticed an eight-headed hydra
 13005 | D:12     | Killed an eight-headed hydra
 13254 | D:12     | Bought a legendary deck of changes for 390 gold pieces
 13334 | D:13     | Noticed a centaur warrior
 13350 | D:13     | Killed a centaur warrior
 13448 | D:13     | Reached XP level 12. HP: 88/107 MP: 12/12
 13536 | D:13     | Received a gift from Yredelemnul
 13629 | D:13     | Noticed a hill giant
 13633 | D:13     | Killed an unseen horror
 13633 | D:13     | Reached skill level 14 in Unarmed Combat
 13644 | D:13     | Killed a hill giant
 13823 | D:13     | Noticed a vault guard
 13839 | D:13     | a vault guard changed into a griffon
 13842 | D:13     | Noticed a vault guard
 13871 | D:13     | Killed a vault guard
 13893 | D:13     | Noticed a vault guard
 13899 | D:13     | HP: 3/107 [vault guard/long sword (20)]
 13901 | D:13     | Killed a vault guard
 13901 | D:13     | Reached skill level 10 in Dodging
 14158 | D:13     | Found a gate to the Vaults.
 14158 | D:13     | Noticed a vault guard
 14174 | D:13     | Killed a vault guard
 14174 | D:13     | Reached skill level 5 in Transmutations
 14229 | D:13     | Noticed a vault guard
 14242 | D:13     | Killed a vault guard
 14339 | D:13     | Noticed a vault guard
 14341 | D:13     | Noticed a vault guard
 14377 | D:13     | Killed a vault guard
 14385 | D:13     | Killed a vault guard
 14385 | D:13     | Reached skill level 15 in Unarmed Combat
 14509 | D:13     | Noticed a hill giant
 14517 | D:13     | Killed a hill giant
 14525 | D:13     | Noticed a vault guard
 14528 | D:13     | Reached skill level 1 in Invocations
 14528 | D:13     | Received a gift from Yredelemnul
 14539 | D:13     | Killed a vault guard
 15531 | D:14     | Noticed a centaur warrior
 15541 | D:14     | Noticed a centaur warrior
 15542 | D:14     | Noticed a centaur warrior
 15575 | D:14     | Killed a centaur warrior
 15693 | D:14     | Reached XP level 13. HP: 45/114 MP: 18/18
 16041 | D:14     | Gained mutation: You are resistant to hostile enchantments. [helix card]
 16105 | D:15     | Entered Level 15 of the Dungeon
 17069 | D:14     | Acquired Yredelemnul's fifth power
 17880 | D:15     | Received a gift from Yredelemnul
 17884 | D:15     | Reached skill level 16 in Unarmed Combat
 18042 | D:15     | Found a staircase to the Depths.
 18066 | D:15     | Reached skill level 5 in Invocations
 18682 | D:15     | Received a gift from Yredelemnul
 19032 | D:15     | HP: 3/114 [raven[a tengu warrior] (13)]
 19033 | D:15     | HP: 1/114 [raven[a tengu warrior] (3)]
 19033 | D:15     | Mangled by a raven

Action                   |  1- 3 |  4- 6 |  7- 9 | 10-12 | 13-15 || total
-------------------------+-------+-------+-------+-------+-------++-------
Melee: Unarmed           |   159 |   245 |   458 |   775 |   330 ||  1967
Invok: Animate Dead      |       |       |       |     3 |     8 ||    11
       Recall Undead Sla |       |       |       |       |     1 ||     1
 Abil: Breathe Fire      |       |       |    18 |    35 |    22 ||    75
Evoke: Wand              |       |       |       |     3 |    12 ||    15
       Deck              |       |       |       |     2 |     6 ||     8
       Phantom mirror    |       |       |       |       |     1 ||     1
  Use: Potion            |       |     5 |     3 |    15 |     4 ||    27
       Scroll            |       |     6 |     1 |    26 |     3 ||    36
 Stab: Sleeping          |     6 |     1 |     4 |     4 |     1 ||    16
       Paralysed         |       |       |       |     6 |       ||     6
       Distracted        |       |       |       |     3 |     2 ||     5
  Eat: Chunk             |     1 |     7 |    17 |    20 |    10 ||    55
       Bread ration      |       |       |       |     2 |     2 ||     4
       Meat ration       |       |       |       |     1 |       ||     1
       Pizza             |       |       |       |     1 |       ||     1
